 Dungeon Crawl Stone Soup version 0.31-a0-1172-g9944ec47dd (webtiles) character file.

Game seed: 18421582770751221968

30 bmb222 the Trooper (level 3, 29/29 HPs)
             Began as a Demonspawn Fighter on Dec 10, 2023.
             Got out of the dungeon alive.
             The game lasted 00:00:39 (580 turns).

bmb222 the Trooper (Demonspawn Fighter)              Turns: 580, Time: 00:00:40

Health: 29/29      AC:  6    Str: 18    XL:     3   Next: 5%
Magic:  3/3        EV:  9    Int:  8    God:
Gold:   66         SH:  4    Dex: 12    Spells: 2/2 levels left

rFire   . . .        a - +0 flail
rCold   . . .        c - +0 buckler
rNeg    . . .        b - +0 scale mail
rPois   .            (no helmet)
rElec   .            (no cloak)
rCorr   .            (no gloves)
SInv    .            (no boots)
Will    +....        (no amulet) Stlth
                     e - ring of willpower
HPRegen 0.24/turn    (no ring)
MPRegen 0.08/turn

%: no passive effects
@: no status effects
A: claws 1, demonic guardian 1
a: no special abilities


You escaped.
You visited 1 branch of the dungeon, and saw 1 of its levels.

You collected 66 gold pieces.

Inventory:

Hand Weapons
 a - a +0 flail (weapon)
Armour
 b - a +0 scale mail (worn)
 c - a +0 buckler (worn)
Jewellery
 e - a ring of willpower (left claw)
Scrolls
 i - a scroll of identify {unknown}
 j - a scroll of brand weapon {unknown}
Potions
 d - 3 potions of might
 f - a potion of lignification {unknown}
 g - a potion of brilliance {unknown}
 h - a potion of heal wounds {unknown}


   Skills:
 + Level 3.4 Fighting
 + Level 2.1 Maces & Flails
 + Level 3.1 Armour
 + Level 2.8 Shields


You had 2 spell levels left.
You didn't know any spells.
Your spell library was empty.

Dungeon Overview and Level Annotations

Branches:
Dungeon (1/15)

Altars:


Innate Abilities, Weirdness & Mutations

You have sharp fingernails.
A weak demonic guardian rushes to your aid.


Message History

A quokka is nearby!
You closely miss the quokka.
The quokka is almost dead.
You block the quokka's attack. The quokka barely misses you.
A quokka is nearby!
A quokka is nearby!
You hit the quokka.
You kill the quokka!
You have reached level 3!
Your experience leads to an increase in your attributes!
Increase (S)trength, (I)ntelligence, or (D)exterity?
You feel stronger. x2; Your demonic ancestry asserts itself...
You feel the presence of a demonic guardian.
Found a stone staircase leading down.
No target in view!
There is a stone staircase leading down here.
A goblin comes into view. It is wielding a +0 club.
The goblin shouts!
A goblin is nearby!
A goblin is nearby!
The goblin hits you but does no damage. The goblin barely misses you.
The goblin closely misses you. The goblin hits you with a +0 club.
You block the goblin's attack. The goblin hits you with a +0 club.
The goblin hits you with a +0 club. The goblin hits you but does no damage.
The goblin hits you but does no damage. You block the goblin's attack.
The goblin hits you but does no damage. The goblin barely misses you.
The goblin hits you with a +0 club. The goblin hits you with a +0 club.
A demonic guardian appears!
The goblin hits you with a +0 club.
Your shadow imp hits the goblin.
The goblin misses you.
Your shadow imp hits the goblin.
The goblin dies!
Your shadow imp disappears in a puff of smoke!
There is a staircase leading out of the dungeon here.
You have escaped!

...................##
.###.....####+##....# .#
#.....##...##..#.# .#
#..)).#.###.'....# ##
#.....#.#8#.#..#.# #
####..#.##'.#..#.# #
#..##...##..#.# ##
##..#######..#.#
.#####..........@.#.#
..................#.#
##+##........#.#.##.####
# #..................# +
+.#####.##.........# #
##### #.###........#
##+##...###.# #........#
...###......# #........#
#...........# ##.......#


There were no monsters in sight!

Vanquished Creatures
  A worm (D:1)
  A dart slug (D:1)
  2 ball pythons (D:1)
  2 giant cockroaches (D:1)
  3 goblins (D:1)
  3 hobgoblins (D:1)
  A kobold (D:1)
  2 quokkas (D:1)
  3 bats (D:1)
  4 rats (D:1)
22 creatures vanquished.

Vanquished Creatures (collateral kills)
  A goblin (D:1)
1 creature vanquished.

Grand Total: 23 creatures vanquished

Notes
Turn   | Place    | Note
-------+----------+-------------------------------------------
     0 | D:1      | bmb222 the Demonspawn Fighter began the quest for the Orb.
     0 | D:1      | Reached XP level 1. HP: 18/18 MP: 1/1
   118 | D:1      | Gained mutation: You have sharp fingernails. [demonic
                  | ancestry]
   118 | D:1      | Reached XP level 2. HP: 23/24 MP: 2/2
   410 | D:1      | Gained mutation: A weak demonic guardian rushes to your
                  | aid. [demonic ancestry]
   410 | D:1      | Reached XP level 3. HP: 24/29 MP: 3/3
   580 | D:$      | Got out of the dungeon alive.

Illustrated notes

Levels and vault maps discovered:
D:1:      minmay_arrival_stone_box, layout_rooms, minmay_liquid_box,
          nicolae_wormholes

Skill      XL: |  1  2 |
---------------+-------+-----
Armour         | 3 |  3.1
Maces & Flails | 2 |  2.1
Fighting       | |  3.4
Shields        | |  2.8

Action                     || total
---------------------------++-------
  Melee: Flail             ||    71
 Armour: Scale mail        ||    77
  Dodge: Dodged            ||    30
  Block: Buckler           ||    18

Table legend: (Time is in decaauts)
 A = Elapsed time spent in this place.
 B = Non-inter-level travel time spent in this place.
 C = Inter-level travel time spent in this place.
 D = Time resting spent in this place.
 E = Time spent auto-exploring this place.
 F = Levels seen in this place.
 G = Mean time per level.
                   A        B        C        D        E       F      G
               +--------+--------+--------+--------+--------+-----+--------+
         Total |    602 |    548 |     54 |      0 |    308 |   1 |  602.0 |
       Dungeon |    602 |    548 |     54 |      0 |    308 |   1 |  602.0 |
               +--------+--------+--------+--------+--------+-----+--------+

Top non-repeatable levels by time:
     D:1: 602 daAuts
